 Dungeon Crawl Stone Soup version 0.21-a0-29-g43b3074 (webtiles) character file.

81 lauthentik the Sneak (level 4, -4/30 HPs)
             Began as a Vampire Enchanter on May 26, 2017.
             Killed from afar by an orc wizard (8 damage)
             ... with a puff of flame
             ... on level 3 of the Dungeon.
             The game lasted 00:04:28 (1931 turns).

lauthentik the Sneak (Vampire Enchanter)            Turns: 1931, Time: 00:04:30

Health: -4/30      AC:  2    Str:  7    XL:     4   Next: 19%
Magic:  1/7        EV: 13    Int: 18    God:
Gold:   103        SH:  0    Dex: 14    Spells: 4/7 levels left

rFire    . . .     SeeInvis +   a - +1 dagger
rCold    + + .     Gourm    .   (no shield)
rNeg     + + +     Faith    .   b - +0 robe
rPois    ∞         Spirit   .   (no helmet)
rElec    .         Reflect  .   (no cloak)
rCorr    +         Harm     .   (no gloves)
MR       .....     Rnd*Tele +   (no boots)
Stlth    +++++.....             (no amulet)
Regen    0.0/turn               l - ring of teleportation (curse)
MPRegen  0.1/turn               o - ring of resist corrosion

@: bloodless, non-regenerating
A: fangs 3, see invisible, unbreathing
a: Bat Form


You were on level 3 of the Dungeon.
You were bloodless.

You visited 1 branch of the dungeon, and saw 3 of its levels.

You collected 103 gold pieces.

Inventory:

Hand Weapons
 a - a +1 dagger (weapon)
Missiles
 g - 7 javelins (quivered)
Armour
 b - a +0 robe (worn)
Jewellery
 l - a cursed ring of teleportation (left hand)
 o - a ring of resist corrosion (right hand)
Scrolls
 f - a scroll of recharging {unknown}
 h - a scroll of amnesia {unknown}
 i - 3 scrolls of identify {unknown}
 n - a scroll of fear {unknown}
 p - a scroll of fog {unknown}
 q - a scroll of remove curse {unknown}
Potions
 d - 14 potions of blood
 e - 2 potions of lignification {unknown}
 j - a potion of invisibility {unknown}
 k - a potion of degeneration {unknown}
 m - a potion of heal wounds {unknown}
 r - a potion of curing {unknown}
Books
 c - a book of Maledictions

   Spells                             Type                      Level
   a - Corona                         Hexes                        1
   b - Ensorcelled Hibernation        Hexes/Ice                    2
   c - Confuse                        Hexes                        3
   d - Tukima's Dance                 Hexes                        3
   e - Dazzling Spray                 Conjuration/Hexes            3


   Skills:
 + Level 0.1 Fighting
 + Level 1.3 Short Blades
 + Level 0.1 Throwing
 + Level 2.3 Dodging
 + Level 5.8 Stealth
 + Level 2.3 Spellcasting
 + Level 5.5 Hexes
 + Level 0.8 Ice Magic


You had 4 spell levels left.
You knew the following spells:

 Your Spells              Type           Power        Failure   Level  Hunger
a - Ensorcelled Hibernat  Hex/Ice        ##....       7%          2    ##.....
b - Corona                Hex            ###....      1%          1    #......


Dungeon Overview and Level Annotations

Branches:
Dungeon (3/15)

Altars:
Elyvilon
Ru
Xom


Innate Abilities, Weirdness & Mutations

You do not heal naturally.
You are immune to poison.
You have razor-sharp teeth.
You have supernaturally acute eyesight. (SInv)
You can survive without breathing.


Message History

You barely miss the orc wizard.
The orc wizard is heavily wounded.
The orc wizard barely misses you.
You hit the orc wizard.
The orc wizard is heavily wounded.
The orc wizard hits you with a dagger.
* * * LOW HITPOINT WARNING * * *
The orc wizard hits you with a dagger.
* * * LOW HITPOINT WARNING * * *
You hit the orc wizard.
The orc wizard is severely wounded.
The orc wizard hits you with a dagger.
* * * LOW HITPOINT WARNING * * *
You hit the orc wizard. You bite the orc wizard.
You draw the orc wizard's blood!
You feel better.
You feel slightly less thirsty.
The orc wizard is almost dead.
The orc wizard gestures at you while chanting.
The puff of flame hits you!
You die...

#. #.# # #.# #. #.#
#.. #.# #... #.#
#....##.######.#
#.......@oooS..#
....##.######## .
#......... ####.#
#.######## #<##.#
#.# #######
#.##.###.#####^P.P.#
#.##.##..##..#^.P.^#
#.##.##.....#..^_.P#
#.##.##..#####P..PP#


You could see an orc wizard, an adder and 2 orcs.

Vanquished Creatures
  A gnoll (D:1)
  A worm (D:2)
  2 dart slugs (D:2)
  3 leopard geckos (D:1)
  2 orcs (D:3)
  A ball python (D:2)
  12 bats
  8 goblins
  11 hobgoblins
  2 quokkas (D:2)
  3 kobolds (D:1)
  8 rats
54 creatures vanquished.

Notes
Turn   | Place    | Note
-------+----------+-------------------------------------------
     0 | D:1      | lauthentik the Vampire Enchanter began the quest for the Orb.
     0 | D:1      | Reached XP level 1. HP: 13/13 MP: 3/3
    80 | D:1      | Reached skill level 5 in Hexes
    80 | D:1      | Reached XP level 2. HP: 19/19 MP: 5/5
    84 | D:1      | Learned a level 2 spell: Ensorcelled Hibernation
   239 | D:1      | Reached skill level 5 in Stealth
   366 | D:1      | Reached XP level 3. HP: 24/24 MP: 1/6
   836 | D:2      | Found a white marble altar of Elyvilon.
  1065 | D:2      | Found a shimmering altar of Xom.
  1264 | D:2      | Reached XP level 4. HP: 30/30 MP: 0/7
  1883 | D:3      | Found a sacrificial altar of Ru.
  1930 | D:3      | HP: 1/30 [orc wizard/dagger (3)]
  1931 | D:3      | Killed from afar by an orc wizard

Vault maps used:
D:1:      lightli_arrival_statuegarden
D:2:      lemuel_doored_altar, elyvilon_altar_5, first_bread, hex_tiny
D:3:      kennysheep_slug_shrine, nicolae_ru_the_path_less_chosen,
          serial_park_tiny_2

Skill      XL: |  1  2 |
---------------+-------+-----
Hexes          | 5 |  5.5
Stealth        | 5 |  5.8
Fighting       | |  0.1
Short Blades   | |  1.3
Throwing       | |  0.1
Dodging        | |  2.3
Spellcasting   | |  2.3
Ice Magic      | |  0.8

Action                   |  1- 3 |  4- 6 || total
-------------------------+-------+-------++-------
Melee: Dagger            |    81 |    34 ||   115
       Bite              |     4 |     3 ||     7
Throw: Javelin           |     1 |     1 ||     2
 Cast: Ensorcelled Hiber |    25 |    12 ||    37
 Stab: Sleeping          |    33 |    10 ||    43
       Distracted        |     1 |       ||     1
Armor: Robe              |    12 |     6 ||    18
Dodge: Dodged            |    53 |    21 ||    74
